 Dungeon Crawl Stone Soup version 0.18-b1-2-gd0c887e (webtiles) character file.

658 fakku the Skirmisher (level 7, 0/96 HPs)
             Began as a Hill Orc Fighter on Apr 28, 2016.
             Was a Follower of Yredelemnul.
             Succumbed to a worker ant's poison
             ... on level 5 of the Dungeon.
             The game lasted 00:13:38 (4521 turns).

fakku the Skirmisher (Hill Orc Fighter)             Turns: 4521, Time: 00:13:38

Health: 0/96       AC:  8    Str: 24    XL:     7   Next: 55%
Magic:  7/7        EV: 15    Int:  8    God:    Yredelemnul [*.....]
Gold:   153        SH:  0    Dex: 23    Spells: 0 memorised, 6 levels left

rFire  . . .     SeeInvis +     a - +0 war axe
rCold  . . .     Gourm    .     b - +0 scale mail
rNeg   . . .     Faith    .     (no shield)
rPois  .         Spirit   .     (no helmet)
rElec  .         Dismiss  .     (no cloak)
rCorr  .         Reflect  .     (no gloves)
SustAt .         Harm     .     t - +0 pair of boots (curse)
MR     .....                    n - amulet of rage
Stlth  ..........               d - +6 ring of dexterity
                                e - ring of see invisible

@: agile, berserking (expiring), lethally poisoned (0 -> -2), very quick, not
resistant to hostile enchantments, extremely unstealthy
A: no striking features
a: Animate Remains, Renounce Religion, Evoke Berserk Rage


You were on level 5 of the Dungeon.
You worshipped Yredelemnul.
Yredelemnul was aware of your devotion.
You were not hungry.

You visited 1 branch of the dungeon, and saw 5 of its levels.

You collected 153 gold pieces.

Inventory:

Hand Weapons
 a - a +0 war axe (weapon)
Missiles
 u - 7 needles of confusion
Armour
 b - a +0 scale mail (worn)
 c - a +0 shield
 t - a cursed +0 pair of boots (worn)
Jewellery
 d - a +6 ring of dexterity (right hand)
 e - a ring of see invisible (left hand)
 h - an uncursed ring of protection from fire
 n - an amulet of rage (around neck)
 r - an uncursed amulet of faith
Wands
 y - a wand of enslavement (6/24)
Scrolls
 g - a scroll of immolation {unknown}
 i - a scroll of fear {unknown}
 o - a scroll of noise {unknown}
 p - 2 scrolls of fog {unknown}
 s - a scroll of identify
 v - 2 scrolls of teleportation
 x - 2 scrolls of magic mapping {unknown}
 A - a scroll of remove curse {unknown}
Comestibles
 f - 4 bread rations
 j - a meat ration
 l - 3 chunks of flesh
 m - 2 slices of pizza
 q - a beef jerky


   Skills:
 + Level 6.6 Fighting
 + Level 6.4 Axes
 + Level 6.0 Armour
 - Level 3.2 Shields


You had 6 spell levels left.
You didn't know any spells.

Dungeon Overview and Level Annotations

Branches:
Dungeon (5/15)
 Temple: D:4-7

Altars:
Dithmenos
Elyvilon
Fedhas
Gozag
Sif Muna
Yredelemnul
Zin

Shops:
D:2 *   D:4 %


Message History

You kill the ice beast!
Yredelemnul accepts your kill.
You can now animate remains.
Your Armour skill increases to level 6!
* * * LOW HITPOINT WARNING * * *
You feel sick.
You aren't carrying any potions.
You fail to use your ability.
* * * LOW HITPOINT WARNING * * *
You feel sick.
You fail to use your ability.
* * * LOW HITPOINT WARNING * * *
You feel sick.
A red film seems to cover your vision as you go berserk!
You feel yourself moving faster!
You feel mighty!
You feel a strong urge to attack something.
* * * LOW HITPOINT WARNING * * *
You feel sick.
You feel your anger subside.
You die...
Your body rises from the dead as a mindless zombie.

.....#.###.# .
...........# ..
..........## . .##
#?........# ......
+.........###
....#.#+#.....(....?.
#.Y.......)†)......
#..<....#@)......
#...(######?.?.#.
#.##.# ##.# #. .. #
#.. .## ##


There were no monsters in sight!

Vanquished Creatures
  An ice beast (D:5)
  An ogre (D:4)
  A giant frog (D:4)
  A hound (D:4)
  2 orc priests (D:5)
  Natasha (thrice) (D:4)
  2 worker ants
  3 gnolls
  9 adders
  A river rat (D:4)
  An adder skeleton (D:4)
  2 worms
  2 dart slugs
  4 giant geckos
  8 orcs
  4 bats
  7 giant cockroaches
  3 goblins
  4 hobgoblins
  2 jackals (D:5)
  8 kobolds
  A quokka (D:2)
  4 giant newts (D:1)
  8 rats
82 creatures vanquished.

Vanquished Creatures (collateral kills)
  A gnoll (D:3)
  A bat (D:3)
  A hobgoblin (D:3)
3 creatures vanquished.

Vanquished Creatures (others)
  A gnoll (D:3)
1 creature vanquished.

Grand Total: 86 creatures vanquished

Notes
Turn   | Place    | Note
--------------------------------------------------------------
     0 | D:1      | fakku the Hill Orc Fighter began the quest for the Orb.
     0 | D:1      | Reached XP level 1. HP: 19/19 MP: 1/1
   167 | D:1      | Reached XP level 2. HP: 22/27 MP: 2/2
   413 | D:1      | Reached XP level 3. HP: 19/33 MP: 3/3
   940 | D:2      | Found a shadowy altar of Dithmenos.
   967 | D:2      | Found a white marble altar of Elyvilon.
  1319 | D:2      | Reached XP level 4. HP: 41/41 MP: 4/4
  1327 | D:2      | Found Zin's Purification Station.
  1354 | D:2      | Found a glowing silver altar of Zin.
  1451 | D:2      | Found a blossoming altar of Fedhas.
  1849 | D:3      | Found an opulent altar of Gozag.
  2192 | D:3      | Reached skill level 5 in Fighting
  2233 | D:3      | Reached XP level 5. HP: 48/48 MP: 5/5
  2414 | D:3      | Found a basalt altar of Yredelemnul.
  2419 | D:3      | Became a worshipper of Yredelemnul the Dark
  2442 | D:3      | Found a deep blue altar of Sif Muna.
  3250 | D:4      | Reached skill level 5 in Armour
  3250 | D:4      | Reached XP level 6. HP: 51/56 MP: 6/6
  3263 | D:4      | Noticed Natasha
  3272 | D:4      | Killed Natasha
  3343 | D:4      | Found Hetzuly's Food Boutique.
  3696 | D:4      | Noticed Natasha
  3706 | D:4      | Killed Natasha
  3728 | D:4      | Reached skill level 5 in Axes
  3965 | D:4      | Reached XP level 7. HP: 57/63 MP: 7/7
  4040 | D:4      | Noticed Natasha
  4052 | D:4      | Killed Natasha
  4456 | D:5      | Entered Level 5 of the Dungeon
  4514 | D:5      | Reached * piety under Yredelemnul
  4514 | D:5      | HP: 3/64 [poisoned by a worker ant]
  4517 | D:5      | HP: 1/64 [poisoned by a worker ant]
  4521 | D:5      | Succumbed to a worker ant's poison

Skill      XL: |  1  2  3  4  5  6  7 |
---------------+----------------------+-----
Axes           | 3 4 5 6 |  6.4
Fighting       | 4 5 6 |  6.6
Armour         | 4 5 6 |  6.0
Shields        | |  3.2

Action                   |  1- 3 |  4- 6 |  7- 9 || total
-------------------------+-------+-------+-------++-------
Melee: War axe           |    92 |   154 |    45 ||   291
 Abil: Evoke Berserk Rag |       |       |     1 ||     1
Evoke: Wand              |       |     1 |       ||     1
  Use: Potion            |       |     7 |     1 ||     8
       Scroll            |       |     6 |       ||     6
  Eat: Chunk             |     1 |     4 |     1 ||     6
       Beef jerky        |       |     1 |       ||     1
       Meat ration       |       |     1 |       ||     1
Armor: Scale mail        |    50 |    75 |    36 ||   161
Dodge: Dodged            |    48 |    96 |    46 ||   190
Block: Shield            |    12 |       |       ||    12
